 Dungeon Crawl Stone Soup version 0.28-a0-1506-g3893175d92 (webtiles) character file.

Game seed: 17086707122506428665

2205 Grim the Spear-Bearer (level 9, -2/56 (61) HPs)
             Began as a Merfolk Gladiator on Jan 14, 2022.
             Was a Follower of the Shining One.
             Slain by a wight (4 damage)
             ... on level 6 of the Dungeon.
             The game lasted 00:08:47 (7608 turns).

Grim the Spear-Bearer (Merfolk Gladiator)           Turns: 7608, Time: 00:08:48

HP:   -2/56 (61)    AC: 12    Str: 20    XL:     9   Next: 34%
MP:   11/14         EV:  7    Int: 12    God:    the Shining One [*.....]
Gold: 409           SH:  9    Dex: 15    Spells: 8/8 levels left

rFire   . . .      SeeInvis .   a - +0 trident
rCold   . . .      Faith    .   (no shield)
rNeg    . . .      Spirit   .   t - +1 plate armour {Will+}
rPois   .          Reflect  .   c - +0 helmet
rElec   .          Harm     .   (no cloak)
rCorr   .          Rampage  .   (no gloves)
Will    +....                   (no boots)
Stlth   ..........              (no amulet)
HPRegen 0.18/turn               r - +6 ring of strength
MPRegen 0.14/turn               (no ring)

@: lethally poisoned (-2 -> -3), divinely shielded, glowing, drained
A: (nimble swimmer 2), mertail
a: Renounce Religion, Divine Shield


You were on level 6 of the Dungeon.
You worshipped the Shining One.
The Shining One was aware of your devotion.
You visited 2 branches of the dungeon, and saw 7 of its levels.

You collected 409 gold pieces.

Inventory:

Hand Weapons
 a - a +0 trident (weapon)
Missiles
 j - 279 stones
 m - 8 poisoned darts
 q - 3 boomerangs (quivered)
Armour
 c - a +0 helmet (worn)
 f - a +0 scale mail
 t - a +1 plate armour of willpower (worn)
Jewellery
 r - a +6 ring of strength (left hand)
Wands
 z - a wand of digging (4)
Scrolls
 g - 3 scrolls of teleportation {unknown}
 h - 2 scrolls of fear {unknown}
 i - a scroll of blinking {unknown}
 k - a scroll of amnesia {unknown}
 o - 4 scrolls of identify {unknown}
 u - a scroll of immolation {unknown}
 v - a scroll of summoning {unknown}
 y - a scroll of magic mapping {unknown}
 A - 3 scrolls of brand weapon {unknown}
Potions
 b - 3 potions of curing
 d - a potion of might {unknown}
 e - 2 potions of lignification {unknown}
 l - 2 potions of brilliance
 p - 3 potions of degeneration {unknown}
 s - 4 potions of mutation {unknown}
 w - a potion of flight {unknown}
 x - a potion of ambrosia {unknown}


   Skills:
 - Level 2.1 Fighting
 + Level 14.9 Polearms
 - Level 2.0 Throwing
 - Level 4.0 Dodging
 + Level 6.9 Invocations


You had 8 spell levels left.
You didn't know any spells.
Your spell library contained the following spells:

 Spells                   Type           Power      Damage    Failure   Level
 Magic Dart               Conj           0%         1d3       100%        1
 Call Imp                 Summ           0%         N/A       100%        2
 Mephitic Cloud           Conj/Pois/Air  0%         N/A       100%        3
 Summon Forest            Summ/Tloc      0%         N/A       100%        5
 Summon Mana Viper        Hex/Summ       0%         N/A       100%        5
 Summon Cactus Giant      Summ           0%         N/A       100%        6


Dungeon Overview and Level Annotations

Branches:
Dungeon (6/15)             Temple (1/1) D:4

Altars:
Ashenzari
Dithmenos
Fedhas
Hepliaklqana
Nemelex Xobeh
Okawaru
Ru
Trog
Uskayaw
Wu Jian
Yredelemnul
The Shining One


Innate Abilities, Weirdness & Mutations

((You are very nimble when in or above water. (Stealth+, EV+, Speed+++)))
Your lower body shifts to a powerful aquatic tail in water.


Message History

You puncture the water moccasin!
You kill the water moccasin!
You feel sick.
You hit the wight.
The wight is lightly damaged.
You feel sick. A divine shield forms around you!
You feel sick. You block the wight's attack.
You hit the wight.
The wight is lightly damaged.
You feel sick.
The wight hits you with a +0 vorpal great sword!
* * * LOW HITPOINT WARNING * * *
You feel drained.
* * * LOW HITPOINT WARNING * * *
x2 You hit the wight but do no damage.
The wight is lightly damaged.
You feel sick.
The wight hits you with a +0 vorpal great sword.
* * * LOW HITPOINT WARNING * * *
x2 Unknown command.
You feel much better.
You feel sick.
The wight hits you with a +0 vorpal great sword!
* * * LOW HITPOINT WARNING * * *
You feel drained.
* * * LOW HITPOINT WARNING * * *
x2 You puncture the wight!
The wight is almost destroyed.
You hit the wight.
You destroy the wight!
The Shining One accepts your kill.
You feel better.
You feel your power returning.
You feel sick.
You hit the wight.
The wight is lightly damaged.
You feel sick.
You hit the wight.
The wight is moderately damaged.
The wight hits you with a +3 flail!
* * * LOW HITPOINT WARNING * * *
You feel drained.
You die...

#.......#
###.##### #.# #.#
+# #####.# ...
#.....## ....
#.###..## .....
#.# #...####......
#.###)....@zz.....
#.........##......
#....#.##.# .....
#.#######.# ....
#.# #.# ... #.#
#.# +# #.# #.# #.#
#.# #.# #.#


You could see 2 wights.

Vanquished Creatures
  Maggie (D:6)
  Grinder (D:6)
  Sigmund (D:3)
  A water moccasin (D:6)
  2 ice beasts
  A necrophage (D:5)
  2 ogres
  A centaur (D:5)
  The ghost of Viceroy the Gusty, an amateur TeAE (D:4)
  2 scorpions
  A wyvern zombie (D:4)
  A water moccasin zombie (D:5)
  A water moccasin skeleton (D:4)
  A wight (D:6)
  A bullfrog zombie (D:5)
  A centaur zombie (D:4)
  3 hounds (D:5)
  A jelly (D:4)
  A bullfrog skeleton (D:5)
  Terence (D:2)
  3 iguanas
  3 orc wizards
  A scorpion zombie (D:4)
  A hound zombie (D:4)
  A hound skeleton (D:4)
  4 adders
  2 ufetubi
  An adder zombie (D:4)
  2 adder skeletons (D:4)
  A worm (D:4)
  3 dart slugs
  11 orcs
  3 bats
  An endoplasm (D:1)
  2 giant cockroaches
  8 goblins
  5 hobgoblins
  6 jackals
  10 kobolds
  3 quokkas
  8 ball pythons
  A frilled lizard (D:1)
  2 rats (D:3)
107 creatures vanquished.

Vanquished Creatures (others)
  2 plants (D:5)
  3 withered plants (D:4)
5 creatures vanquished.

Grand Total: 112 creatures vanquished

Notes
Turn   | Place    | Note
-------+----------+-------------------------------------------
     0 | D:1      | Grim the Merfolk Gladiator began the quest for the Orb.
     0 | D:1      | Reached XP level 1. HP: 16/16 MP: 1/1
   288 | D:1      | Reached skill level 5 in Polearms
   354 | D:1      | Reached XP level 2. HP: 18/22 MP: 2/2
  1305 | D:1      | Found a faded altar of an unknown god.
  1384 | D:2      | Identified the +2 robe of the Sea {Dex+6}
  1460 | D:2      | Reached skill level 6 in Polearms
  1460 | D:2      | Reached XP level 3. HP: 16/27 MP: 3/3
  1984 | D:2      | Noticed Terence
  1995 | D:2      | Killed Terence
  2019 | D:2      | Reached XP level 4. HP: 27/33 MP: 4/4
  2100 | D:2      | Reached skill level 7 in Polearms
  2261 | D:3      | Found a hazy altar of Hepliaklqana.
  2338 | D:3      | Noticed a scorpion
  2366 | D:3      | Killed a scorpion
  2367 | D:3      | Reached skill level 8 in Polearms
  2367 | D:3      | Reached XP level 5. HP: 5/38 MP: 5/5
  3105 | D:3      | Noticed Sigmund
  3121 | D:3      | Killed Sigmund
  3122 | D:3      | Reached skill level 9 in Polearms
  3122 | D:3      | Reached XP level 6. HP: 36/44 MP: 6/6
  3214 | D:3      | Reached skill level 10 in Polearms
  3783 | D:4      | Found a runed translucent gate.
  3784 | D:4      | Found a runed translucent gate.
  3785 | D:4      | Found a runed translucent gate.
  3787 | D:4      | Noticed Viceroy's ghost (amateur TeAE)
  4255 | D:4      | Found a staircase to the Ecumenical Temple.
  4279 | Temple   | Entered the Ecumenical Temple
  4561 | Temple   | Became a worshipper of the Shining One
  4677 | D:4      | Found a basalt altar of Yredelemnul.
  4758 | D:4      | Reached skill level 11 in Polearms
  4758 | D:4      | Reached XP level 7. HP: 45/50 MP: 7/7
  5466 | D:4      | Killed Viceroy's ghost
  5467 | D:4      | Reached skill level 12 in Polearms
  5477 | D:4      | HP: 2/50 [wyvern zombie (8)]
  5487 | D:4      | Reached skill level 1 in Invocations
  5782 | D:5      | Entered Level 5 of the Dungeon
  5782 | D:5      | Reached * piety under the Shining One
  5875 | D:5      | Found an ornate altar of the Wu Jian Council.
  5978 | D:5      | Reached XP level 8. HP: 53/56 MP: 9/9
  6211 | D:5      | Reached skill level 13 in Polearms
  6719 | D:5      | Reached skill level 5 in Invocations
  7254 | D:6      | Reached skill level 14 in Polearms
  7397 | D:6      | Noticed Maggie
  7399 | D:6      | Noticed Grinder
  7409 | D:6      | Killed Grinder
  7410 | D:6      | Reached XP level 9. HP: 24/61 MP: 13/13
  7429 | D:6      | Killed Maggie
  7608 | D:6      | HP: 2/58 [wight (9)]
  7608 | D:6      | Slain by a wight

Illustrated notes

Levels and vault maps discovered:
D:1:      mushboom_english_gardens, layout_basic,
          nicolae_ecumenical_snake_handling
D:2:      layout_loops_cross, minmay_goblin_kobold_house, uniq_terence
D:3:      layout_basic, nzn_hepliaklqana_mist_gate, uniq_sigmund
D:4:      layout_loops_corners, amcnicky_altar_gilded, temple_statues,
          gammafunk_ghost_necromancy, serial_undead, serial_undead_a,
          serial_undead_b, serial_undead_c, serial_undead_f
D:5:      corexii_shack_village, layout_loops_ring, nzn_wu_jian_council_hall,
          hangedman_abyss_or_decor_stagger, hex_medium,
          kennysheep_generic_room_5
D:6:      layout_loops_corners, lemuel_coloured_pillars_altar,
          portal_sewer_entry_d, uniq_maggie, uniq_grinder
Temple:   compressed_dpeg_triangle_lava_temple

Skill      XL: |  1  2  3  4  5  6  7  8 |
---------------+-------------------------+-----
Polearms       | 5 6 8 9 11 12 14 | 14.9
Invocations    | 2 6 |  6.9
Fighting       | |  2.1
Throwing       | |  2.0
Dodging        | |  4.0

Action                   |  1- 3 |  4- 6 |  7- 9 || total
-------------------------+-------+-------+-------++-------
Melee: Trident           |   121 |   167 |   244 ||   532
       Punch             |     1 |     3 |     4 ||     8
Throw: Throwing net      |     2 |     3 |       ||     5
       Boomerang         |       |     6 |    13 ||    19
       Stone             |       |     5 |     1 ||     6
       Dart              |       |     2 |       ||     2
Invok: Divine Shield     |       |       |     1 ||     1
  Use: Potion            |       |     1 |     6 ||     7
 Stab: Sleeping          |     1 |       |       ||     1
       Held in net/web   |       |     1 |       ||     1
Armor: Scale mail        |    48 |    28 |       ||    76
       Plate armour      |       |    56 |    69 ||   125
Dodge: Dodged            |    61 |    60 |    37 ||   158
Block: Other             |       |       |     1 ||     1

Table legend: (Time is in decaauts)
 A = Elapsed time spent in this place.
 B = Non-inter-level travel time spent in this place.
 C = Inter-level travel time spent in this place.
 D = Time resting spent in this place.
 E = Time spent auto-exploring this place.
 F = Levels seen in this place.
 G = Mean time per level.
                   A        B        C        D        E       F      G
               +--------+--------+--------+--------+--------+-----+--------+
         Total |   7498 |   7302 |    196 |   1803 |   4617 |   7 | 1071.1 |
       Dungeon |   7197 |   7019 |    178 |   1803 |   4361 |   6 | 1199.5 |
        Temple |    300 |    282 |     18 |      0 |    256 |   1 |  300.0 |
               +--------+--------+--------+--------+--------+-----+--------+

Top non-repeatable levels by time:
     D:4: 1920 daAuts
     D:1: 1385 daAuts
     D:3: 1304 daAuts
     D:5: 1280 daAuts
     D:2: 832 daAuts
     D:6: 474 daAuts
  Temple: 300 daAuts
